AoeStats
← EMPEROR98265292

Black Forest

508214581Analyzed
4v4 RM · 11d ago on Sep 21, 2026· 45m 26s· 8 players
Game mode
Random Map
Map size
Large (8 player)
Population
200
Speed
Normal
Resources
Standard
Victory
Conquest
Starting age
Dark Age
Ending age
Imperial Age
RankedLock teamsTeams togetherTeam positionsShared explorationLock speedFull tech treeHidden civsTurbo modeCheats
Victory
Defeat
🇮🇳 Mongols · India
1541
+18
🇮🇳 Bohemians · India
1533
+18
🇮🇳 Muisca · India
1504
+20
🇮🇳 Spanish · India
1457
+21
🇨🇳 Bohemians · China
1684
-23
🇹🇼 Ethiopians · Taiwan
1613
-21
🇹🇼 Spanish · Taiwan
1534
-17
🇭🇰 Persians · Hong Kong SAR China
1501
-16
AP
5:32 Loom
12:01 Feudal Age
15:39 Castle Age
13:55 Double-Bit Axe
13:53 Horse Collar
16:21 Wheelbarrow
16:42 Bow Saw
21:32 Heavy Plow
22:22 Stone Mining
25:35 Gold Mining
28:41 Imperial Age
26:30 Padded Archer Armor
26:27 Town Watch
28:08 Leather Archer Armor
28:17 Bloodlines
28:08 Husbandry
28:01 Fletching
28:45 Elite Conquistador
32:33 Hoardings
34:36 Conscription
34:19 Bodkin Arrow
Sanskari Ladka
10:54 Feudal Age
11:18 Loom
12:42 Double-Bit Axe
12:54 Horse Collar
15:03 Loom
17:38 Castle Age
18:10 Elite Skirmisher
19:12 Fletching
19:23 Padded Archer Armor
20:59 Chemistry
28:04 Wheelbarrow
27:40 Bow Saw
28:36 Leather Archer Armor
32:10 Hand Cart
35:09 Imperial Age
34:18 Scale Mail Armor
34:29 Forging
34:31 Pikeman
35:12 Squires
35:29 Chain Mail Armor
35:16 Houfnice
35:28 Halberdier
37:30 Plate Mail Armor
37:36 Siege Engineers
EMPEROR98265292
0:48 Loom
15:05 Feudal Age
19:38 Castle Age
18:16 Stone Mining
19:27 Fletching
29:30 Imperial Age
28:15 Bodkin Arrow
29:30 Padded Archer Armor
29:30 Double-Bit Axe
30:58 Bow Saw
33:00 Leather Archer Armor
34:04 Bracer
36:00 Horse Collar
36:29 Scale Mail Armor
37:04 Forging
36:33 Champi Runner
37:48 Champi Runner
38:28 Squires
39:10 Chain Mail Armor
39:31 Iron Casting
38:19 Elite Temple Guard
43:28 Iron Casting
43:48 Plate Mail Armor
ntn88
1:05 Loom
12:16 Feudal Age
15:49 Castle Age
13:43 Double-Bit Axe
13:39 Horse Collar
17:02 Bow Saw
16:52 Heavy Plow
17:52 Wheelbarrow
21:54 Fletching
25:31 Town Watch
27:32 Gold Mining
27:33 Stone Mining
32:03 Imperial Age
30:24 Hand Cart
33:12 Ballistics
33:53 Chemistry
33:14 Nomads
33:44 Drill
32:59 Capped Ram
35:04 Conscription
35:43 Heavy Scorpion
36:44 Siege Ram
38:38 Masonry
38:52 Siege Engineers
39:48 Coinage
39:52 Bodkin Arrow
40:49 Bracer
40:50 Padded Archer Armor
42:01 Nomads
42:39 Hoardings
42:05 Nomads
42:41 Leather Archer Armor
43:37 Elite Mangudai
46:00 Thumb Ring
46:21 Parthian Tactics
lunkan
0:39 Loom
14:40 Feudal Age
18:19 Castle Age
16:32 Double-Bit Axe
16:32 Horse Collar
19:38 Bow Saw
27:01 Fletching
40:28 Imperial Age
43:28 Imperial Age
41:45 Bloodlines
41:36 Husbandry
41:46 Light Cavalry
43:08 Scale Barding Armor
冬瀑
11:04 Feudal Age
11:46 Double-Bit Axe
14:48 Castle Age
12:31 Horse Collar
15:59 Bow Saw
15:50 Heavy Plow
16:00 Heavy Plow
18:05 Fervor
19:46 Sanctity
21:09 Loom
22:27 Wheelbarrow
26:39 Imperial Age
24:43 Scale Mail Armor
24:53 Forging
25:48 Chemistry
25:44 Chain Mail Armor
26:00 Forging
25:54 Pikeman
27:00 Squires
28:08 Plate Mail Armor
26:59 Halberdier
29:03 Two-Man Saw
29:41 Iron Casting
29:47 Wagenburg Tactics
29:36 Town Watch
31:52 Guard Tower
32:23 Ballistics
33:25 Siege Engineers
34:59 Blast Furnace
35:21 Keep
34:44 Fletching
36:34 Houfnice
37:49 Bodkin Arrow
40:44 Arson
41:01 Bracer
40:48 Arrowslits
41:15 Masonry
42:30 Ballistics
43:23 Architecture
菜就怪隊友
0:47 Loom
16:04 Feudal Age
21:15 Castle Age
19:41 Double-Bit Axe
21:14 Fletching
21:55 Bodkin Arrow
23:44 Horse Collar
29:59 Wheelbarrow
36:46 Imperial Age
34:29 Heavy Plow
34:20 Gold Mining
35:04 Forging
35:30 Bloodlines
35:56 Bow Saw
35:52 Scale Barding Armor
36:16 Husbandry
37:05 Chain Barding Armor
36:50 Cavalier
38:08 Iron Casting
38:04 Conscription
38:15 Hand Cart
40:34 Plate Barding Armor
41:22 Blast Furnace
41:23 Two-Man Saw
41:11 Paladin
P0rr1dg3
9:26 Loom
11:26 Feudal Age
15:09 Castle Age
13:39 Horse Collar
14:20 Double-Bit Axe
15:06 Fletching
15:54 Bodkin Arrow
16:56 Town Watch
18:38 Crossbowman
22:21 Ballistics
22:32 Bow Saw
25:46 Stone Mining
27:41 Wheelbarrow
28:20 Padded Archer Armor
32:35 Thumb Ring
35:14 Heavy Plow
38:11 Imperial Age
36:08 Scale Mail Armor
36:35 Leather Archer Armor
36:32 Forging
37:10 Squires
37:33 Gold Mining
38:19 Stone Shaft Mining
38:22 Chain Mail Armor
38:42 Iron Casting
39:51 Chemistry
38:17 Onager
39:29 Siege Engineers
39:39 Siege Onager
42:42 Hand Cart
42:23 Halberdier
Connection lost

Rejoining the realm…

Still unreachable

The connection could not be restored.

Session expired

The server has moved on; the page needs a fresh start.